 Dungeon Crawl Stone Soup version 0.32-a0-975-g85d4e5bfdb (webtiles) character file.

Game seed: 3389584260171703973

2151181 yatagan the Slayer (level 26, 264/264 HPs)
             Began as a Minotaur Berserker on Apr 19, 2024.
             Was the Champion of Trog.
             Escaped with the Orb
             ... and 3 runes
             ... and 1 gem!
             The game lasted 01:42:56 (46981 turns).

yatagan the Slayer (Minotaur Berserker)            Turns: 46981, Time: 01:42:57

Health: 264/264    AC: 45    Str: 38    XL:     26   Next: 29%
Magic:  22/22      EV: 17    Int:  2    God:    Trog [******]
Gold:   2942       SH: 35    Dex: 11    Spells: 25/25 levels left

rFire   + + +        U - +11 broad axe "Ytsetuts" {vamp, Stlth+}
rCold   . . .        F - +8 tower shield
rNeg    + + .        Y - +10 plate armour of Maltheism {Slay+2}
rPois   +            I - +2 hat {Will+}
rElec   +            v - +2 cloak {rCorr}
rCorr   +            A - +1 pair of gloves of the Guilds {rPois Str+5}
SInv    +            x - +2 pair of boots
Will    +++..        d - amulet of Velus {Reflect rPois rN++ Int-5 SH+5} Stlth
                     W - ring "Uchu" {Wiz ^Drain rElec rPois rF++}
HPRegen 0.64/turn    Z - ring of the Centipede {rF++ Will+ Int+3 Stlth-}
MPRegen 0.18/turn

%: reflection, wizardry (x1)
@: no status effects
A: horns 2, retaliatory headbutt, see invisible, subdued magic 2
0: Orb of Zot
}: 3/15 runes: decaying, serpentine, silver
a: Renounce Religion, Berserk, Trog's Hand, Brothers in Arms


You escaped.
You worshipped Trog.
Trog was exalted by your worship.
You visited 9 branches of the dungeon, and saw 45 of its levels.
You visited 1 bazaar.
You also visited: Desolation.

You collected 5801 gold pieces.
You spent 2859 gold pieces at shops.

Inventory:

Hand Weapons
 N - the +16 obsidian axe {drain, demonic, Mesm ^Drain Fly SInv}
   (You found it on level 5 of the Lair of Beasts)

   Mesm:      Its wielder is mesmerised by any visible foes, and it cannot be
   unequipped while any foes are visible.
   SInv:      It lets you see invisible.
   Fly:       It grants you flight.
   ^Drain:    It drains your maximum health when unequipped.
 O - the +8 Wrath of Trog {antimagic, *Rage Rampage}
   (You found it on level 2 of the Vaults)

   It causes slowness and exhaustion when equipped.
   It extends the wielder's berserk rage when killing foes.
   *Rage:     It berserks you when you make melee attacks (+50% chance).
   Rampage:   It bestows one free step when moving towards enemies.
 U - the +11 broad axe "Ytsetuts" (weapon) {vamp, Stlth+}
   (You found it on level 13 of the Dungeon)

   Stlth+:    It makes you more stealthy.
Missiles
 B - 7 javelins
Armour
 b - a +1 kite shield of protection
 v - a +2 cloak of preservation (worn)
 x - a +2 pair of boots (worn)
 A - the +1 pair of gloves of the Guilds (worn) {rPois Str+5}
   (You found it in the Desolation of Salt)

   Str+5:     It affects your strength (+5).
   rPois:     It protects you from poison.
 F - a +8 tower shield (worn)
 I - a +2 hat of willpower (worn)
 Y - the +10 plate armour of Maltheism (worn) {Slay+2}
   (You found it on level 4 of the Swamp)

   Slay+2:    It affects your accuracy & damage with ranged weapons and melee
   (+2).
Jewellery
 d - the amulet of Velus (around neck) {Reflect rPois rN++ Int-5 SH+5}
   (You bought it in a shop on level 4 of the Snake Pit)

   [amulet of reflection]

   Reflect:   It reflects blocked missile attacks.
   Int-5:     It affects your intelligence (-5).
   rPois:     It protects you from poison.
   rN++:      It greatly protects you from negative energy.
   SH+5:      It affects your SH (+5).
 j - the ring "Dirhytet" {rPois rC+ rN++ Will+ Str-5}
   (You found it in the Desolation of Salt)

   [ring of willpower]

   Str-5:     It affects your strength (-5).
   rC+:       It protects you from cold.
   rPois:     It protects you from poison.
   rN++:      It greatly protects you from negative energy.
   Will+:     It increases your willpower.
 k - a ring of resist corrosion
 o - a ring of protection from fire
 q - a +4 ring of slaying
 u - a +6 ring of dexterity
 z - a ring of poison resistance
 P - the ring "Nuitel" {Ice rPois Dex-5 Slay+3}
   (You took it off Josephina on level 2 of the Realm of Zot)

   [ring of ice]

   Ice:       It enhances your ice magic.
   Dex-5:     It affects your dexterity (-5).
   Slay+3:    It affects your accuracy & damage with ranged weapons and melee
   (+3).
   rF-:       It makes you vulnerable to fire.
   rC+:       It protects you from cold.
   rPois:     It protects you from poison.
 V - the ring of Ciul {Ice rPois rCorr Str+3 Int-2}
   (You took it off an ironbound convoker in the Desolation of Salt)

   [ring of ice]

   Ice:       It enhances your ice magic.
   Str+3:     It affects your strength (+3).
   Int-2:     It affects your intelligence (-2).
   rF-:       It makes you vulnerable to fire.
   rC+:       It protects you from cold.
   rPois:     It protects you from poison.
   rCorr:     It protects you from acid and corrosion.
 W - the ring "Uchu" (left hand) {Wiz ^Drain rElec rPois rF++}
   (You found it in the Desolation of Salt)

   [ring of wizardry]

   Wiz:       It improves your spell success rate.
   rF++:      It greatly protects you from fire.
   rElec:     It insulates you from electricity.
   rPois:     It protects you from poison.
   ^Drain:    It drains your maximum health when unequipped.
 Z - the ring of the Centipede (right hand) {rF++ Will+ Int+3 Stlth-}
   (You bought it in a shop on level 14 of the Dungeon)

   [ring of willpower]

   Int+3:     It affects your intelligence (+3).
   rF++:      It greatly protects you from fire.
   Will+:     It increases your willpower.
   Stlth-:    It makes you less stealthy.
Wands
 f - a wand of quicksilver (32)
 s - a wand of charming (32)
 y - a wand of digging (8)
 K - a wand of flame (74)
 M - a wand of polymorph (13)
 Q - a wand of iceblast (29)
 S - a wand of mindburst (10)
Scrolls
 e - 9 scrolls of revelation
 i - 3 scrolls of fog
 l - a scroll of acquirement
 m - 21 scrolls of teleportation
 n - 7 scrolls of fear
 r - 22 scrolls of identify
 t - 5 scrolls of enchant weapon
 w - 5 scrolls of brand weapon
 D - 3 scrolls of blinking
 R - 5 scrolls of poison
 T - a scroll of enchant armour
Potions
 g - 12 potions of enlightenment
 h - 10 potions of might
 p - a potion of attraction
 C - 3 potions of magic
 E - 4 potions of mutation
 G - 3 potions of cancellation
 H - 2 potions of lignification
 J - 14 potions of curing
 L - 6 potions of haste
 X - a potion of ambrosia
Miscellaneous
 a - the horn of Geryon


   Skills:
 + Level 26.6 Fighting
 + Level 26.6 Axes
 + Level 26.4 Armour
 + Level 24.5 Dodging
 + Level 23.2 Shields


You had 25 spell levels left.
You didn't know any spells.
Your spell library was empty.

Dungeon Overview and Level Annotations

Branches:
Dungeon (15/15)            Temple (0/1) D:6            Lair (5/5) D:9
  Swamp (4/4) Lair:3        Snake (4/4) Lair:3        Slime (0/5) Lair:5
    Orc (2/2) D:9             Elf (0/3) Orc:2        Vaults (5/5) D:13
  Crypt (0/3) Vaults:2     Depths (4/4) D:15           Hell (visited)
    Dis (0/7) Hell            Geh (0/7) Hell            Coc (0/7) Hell
    Tar (0/7) Hell            Zot (5/5) Depths:4    Desolation (visited)

Altars:
Ashenzari
Cheibriados
Dithmenos
Elyvilon
Fedhas
Makhleb
Nemelex Xobeh
Okawaru
Uskayaw
Vehumet
Wu Jian
Yredelemnul

Shops:
D:1 [   D:3 (*[**   D:5 [   D:6 =   D:14 [!(=   Orc:2 :::   Snake:2 *[*
Snake:4 =:=   Vaults:1 !   Vaults:5 *

Portals:
Hell: Lair:5 Depths:1 Depths:2 Depths:3 Depths:4
Abyss: Depths:3
Pandemonium: Depths:3
Ziggurat: Depths:2

Annotations:
Snake:2 3 runed translucent doors, Caage's ghost, journeyman DsNe; Puohiom's ghost, adept KoEn; Syneil's ghost, adept CoHu; whodunnit's ghost, journeyman MDHu
Hell exclusion: ice statue
Zot:5 exclusion: orange crystal statue


Innate Abilities, Weirdness & Mutations

You have a pair of horns on your head.
You reflexively headbutt those who attack you in melee.
You have supernaturally acute eyesight. (SInv)
Your spells are easier to cast, but less powerful.


Message History

Your skin stops crawling.
You feel less strong-willed.
An Ice Fiend comes into view.
The Ice Fiend claws you. The Ice Fiend freezes you!!!
The Ice Fiend claws you but does no damage.
The Ice Fiend gestures at you. The bolt of cold misses you.
The Ice Fiend claws you. The Ice Fiend freezes you!!
You block the Ice Fiend's attack. The Ice Fiend gestures at you.
The bolt of cold misses you. You block the Ice Fiend's attack.
The Ice Fiend claws you but does no damage.
The Ice Fiend gestures at you. The bolt of cold hits you!!!
You block the Ice Fiend's attack. x2
You block the Ice Fiend's attack. x2
You slash the Ice Fiend! You headbutt the Ice Fiend!
The Ice Fiend is moderately wounded.
You slice the Ice Fiend like a ripe choko!!!
The Ice Fiend is severely wounded.
The Ice Fiend claws you but does no damage.
You block the Ice Fiend's attack.
You hit the Ice Fiend. You headbutt the Ice Fiend!!
The Ice Fiend is almost dead.
You block the Ice Fiend's attack.
The Ice Fiend claws you but does no damage.
You slice the Ice Fiend!!
You kill the Ice Fiend!
Trog accepts your kill.
You start resting.
An orange demon comes into view.
You slice the orange demon like a ripe choko!!!
You headbutt the orange demon.
You kill the orange demon!
Trog accepts your kill.
No target in view!
You start resting.
HP restored.
You can't go down here!
You have escaped!

### #........###+###.............
### #....##..#ß...ß#..##....#....
### #...####.##.#.##.####...#....
### #...,**..#ß.#.ß#..##....#....
### #...,,,..##.#.##........#...#
### #.########ß...ß########.#...#
# #.#ß#ß#ß#ß#...#ß#ß#ß#ß#.###..
#####.#...................#.###(#
#....'.#####...@...#####.+..##.#
##.##.#...).[.............#...#.#
...##.#ß#ß#ß#ß#...#ß#ß#ß#ß#.#...#
#.###.########ß...ß########.#.###
#.# #....,,,,##.#.##........#.#
#.###....**,,#ß.#.ß#..##....#.###
........#***,##.#.##.####...#....
#.##.....**,,*ß...ß#..##....#####
#†##.....,,,,**#+**#........#####


There were no monsters in sight!

Vanquished Creatures
  A dread lich (Zot:5)
  4 orbs of fire
  8 ancient liches
  Mennas (Vaults:4)
  A juggernaut (Depths:1)
  Josephina (Zot:2)
  4 Killer Klowns
  10 caustic shrikes (Depths:3)
  Bai Suzhen (Vaults:4)
  Geryon (Hell)
  The ghost of Ugguttuj the Peltast, a veteran DrWn of Okawaru (Vaults:2)
  3 curse toes (Zot:4)
  8 golden dragons
  Nikola (Swamp:1)
  the Enchantress (Depths:1)
  3 electric golems
  2 walking crystal tomes
  An Ice Fiend (D:1)
  4 liches
  24 Orb Guardians
  19 tentacled monstrosities
  A walking divine tome (Depths:3)
  A walking frostbound tome (Depths:3)
  2 titans
  2 ancient champions (Hell)
  Murray (Depths:2)
  20 quicksilver dragons
  3 sphinxes
  9 death cobs
  Frances (Swamp:2)
  Kirke (Lair:5)
  Donald (Orc:2)
  5 tengu reavers (Vaults:5)
  4 thorn hunters
  3 fenstrider witches
  18 storm dragons
  Gastronok (D:12)
  4 nagarajas
  10 shadow dragons
  9 protean progenitors
  2 iron dragons
  6 fire giants
  3 draconian knights
  10 frost giants
  A deep elf sorcerer (Vaults:5)
  8 draconian monks
  8 draconian scorchers
  10 draconian shifters
  Louise (Snake:2)
  4 orc warlords
  A balrug (Zot:5)
  2 caustic shrike zombies (Depths:2)
  2 imperial myrmidons (Desolation)
  19 ironbound preservers
  17 vault wardens
  2 ghost moths
  8 reapers (Hell)
  2 ghouls (Swamp:4)
  6 spriggan defenders
  A hydra skeleton (Swamp:4)
  3 draconian annihilators
  A formless jellyfish (Vaults:2)
  A draconian stormcaller (Zot:3)
  3 deep elf demonologists
  28 very ugly things
  17 stone giants
  8 vampire knights
  4 deep elf death magi
  6 ironbound thunderhulks
  11 dire elephants
  9 black draconians
  2 deep elf annihilators (Vaults:5)
  7 green draconians
  3 eleionomae
  11 red draconians
  10 yellow draconians
  7 war gargoyles
  2 halazid warlocks (Desolation)
  25 purple draconians
  2 bunyips (Swamp:2)
  2 blizzard demons
  6 white draconians
  An iron golem (Hell)
  17 ettins
  7 fire dragons
  2 deep elf high priests (Vaults:5)
  4 crystal guardians
  4 ragged hierophants (Desolation)
  2 kraken zombies (Hell)
  5 entropy weavers
  A shambling mangrove (Swamp:4)
  41 vault guards
  A fenstrider witch zombie (Hell)
  12 yaktaur captains
  8 servants of whispers (Desolation)
  11 great orbs of eyes
  3 ghost crabs
  16 hydras
  8 ice dragons
  2 jorogumos (Zot:5)
  4 rakshasas
  6 peacekeepers
  2 ogre magi (Vaults:5)
  8 ironbound frosthearts
  A catoblepas (Lair:5)
  A sphinx zombie (Depths:2)
  11 spriggan air magi
  8 alligators
  13 anacondas
  3 salamander tyrants (Snake:4)
  6 centaur warriors
  A dancing weapon (Vaults:5)
  6 boulder beetles
  10 death yaks
  2 satyrs (Zot:5)
  4 two-headed ogres
  A death knight (D:10)
  7 deep troll shamans
  7 orc high priests (Orc:2)
  2 demonic crawlers
  13 shock serpents
  2 hell hogs (Depths:1)
  5 occultists
  13 deep troll earth magi
  16 naga warriors
  A sphinx skeleton (D:15)
  6 tengu warriors
  3 vampire magi
  6 naga sharpshooters
  6 soul eaters
  Urug (Lair:3)
  3 spriggan berserkers
  7 sun demons
  A deep elf knight (Vaults:2)
  3 salamander mystics
  13 hell knights
  2 shadow wraiths (Hell)
  Amaemon (Lair:2)
  12 iron trolls
  4 deep elf archers
  A goliath frog (Swamp:1)
  A skeletal warrior (D:15)
  A skyshark (shapeshifter) (Vaults:2)
  57 deep trolls
  6 flayed ghosts
  A deep troll (shapeshifter) (Vaults:5)
  A spark wasp zombie (D:15)
  A swamp dragon (shapeshifter) (Depths:4)
  6 spriggan druids
  2 spectral hydras (Swamp:4)
  6 swamp dragons
  A glowing orange brain (shapeshifter) (Vaults:5)
  16 mana vipers
  14 lindwurms
  10 phantasmal warriors
  8 arcanists
  6 bog bodies
  4 sun moths (shapeshifter)
  2 tengu zombies
  30 ironbound convokers
  An obsidian bat (Orc:2)
  4 naga ritualists
  9 necromancers
  3 deep elf pyromancers
  21 orc knights
  A sphinx simulacrum (Depths:2)
  7 cyclopes
  2 orc sorcerers (Orc:2)
  4 oklob plants
  A wolf spider (Vaults:5)
  23 ugly things
  A deep elf zephyrmancer (Orc:2)
  16 salamanders
  A large abomination (Depths:2)
  5 will-o-the-wisps
  2 manticores
  26 moths of wrath
  A cyclops (shapeshifter) (Vaults:5)
  18 vault sentinels
  An alligator skeleton (Hell)
  30 black mambas
  An elephant (shapeshifter) (Depths:2)
  11 guardian serpents
  12 smoke demons
  12 elephants
  A kobold blastminer (Orc:1)
  A meliai (shapeshifter) (Vaults:5)
  7 molten gargoyles (Hell)
  3 gargoyles
  A rust devil (Hell)
  3 hellions
  11 cane toads
  A centaur skeleton (Hell)
  12 naga magi
  3 water nymphs (Zot:1)
  2 orange demons
  9 komodo dragons
  5 rime drakes (Lair:5)
  A kobold demonologist (D:12)
  An unseen horror (D:10)
  2 sea snake zombies (Hell)
  26 yaktaurs
  A tormentor (D:1)
  9 ice devils
  2 trolls
  4 freezing wraiths
  7 tengu conjurers
  2 ghost moth simulacra (Zot:2)
  2 red devils (Lair:5)
  4 polar bears
  7 tyrant leeches
  A sea snake skeleton (Hell)
  A wind drake (shapeshifter) (Depths:2)
  An alligator simulacrum (Hell)
  A raiju (shapeshifter) (D:14)
  An ettin zombie (Vaults:2)
  23 hornets
  42 saltlings (Desolation)
  3 tarantellas
  A draconian simulacrum (Zot:2)
  A spriggan zombie (D:15)
  4 glass eyes
  A dream sheep (Lair:5)
  18 blink frogs
  25 slime creatures
  A deep troll skeleton (Vaults:2)
  3 shadows
  A vampire (D:10)
  A spriggan (shapeshifter) (Depths:2)
  5 wraiths
  21 spriggans
  2 water elementals
  44 yaks
  5 basilisks
  2 wyverns
  5 hogs (Lair:5)
  A warg (D:11)
  3 humans (D:13)
  3 redbacks
  A steam dragon (D:9)
  7 vampire mosquitoes
  An elf simulacrum (Vaults:2)
  A sea snake simulacrum (Hell)
  30 nagas
  11 water moccasins
  21 swamp worms
  An acid dragon (D:11)
  4 hydra simulacra
  7 hell hounds
  A black bear (D:8)
  A moth of wrath simulacrum (Zot:2)
  45 orc warriors
  A merfolk simulacrum (Hell)
  3 ice beasts
  A sky beast (D:7)
  5 swamp drakes
  3 ogres
  9 centaurs
  23 wolves
  3 phantoms
  A swamp dragon skeleton (Swamp:4)
  A kobold brigand (D:8)
  12 bullfrogs
  3 scorpions
  10 wights
  11 killer bees
  4 electric eels
  A howler monkey (D:6)
  A gnoll bouda (D:4)
  2 jellies (D:6)
  29 orc priests
  3 hounds
  A sleepcap (D:6)
  Terence (D:2)
  4 iguanas
  17 orc wizards
  5 hell rats (Lair:3)
  5 gnolls
  3 swamp drake zombies (Swamp:4)
  6 adders
  A white imp (D:7)
  6 ufetubi
  3 ribbon worms
  2 dart slugs
  97 orcs
  7 ball pythons
  6 endoplasms
  3 giant cockroaches
  10 goblins
  5 hobgoblins
  4 quokkas
  5 bats
  3 frilled lizards
  13 kobolds
  8 rats
  An aspiring flesh (Zot:5)
  A spectral weapon (Zot:5)
  4 tentacles (Hell)
2054 creatures vanquished.

Vanquished Creatures (collateral kills)
  A skeletal warrior (D:15)
  A salamander (Lair:3)
  2 cane toads (Lair:3)
  2 orange demons (Lair:5)
  A red devil (Lair:5)
  A komodo dragon (Lair:3)
  3 nagas (Lair:3)
  A water moccasin (Lair:2)
  A centaur (D:13)
  A bombardier beetle (D:5)
  A butterfly (Lair:3)
15 creatures vanquished.

Vanquished Creatures (others)
  A deep elf blademaster (Vaults:2)
  A sphinx (Vaults:5)
  A thorn hunter (Swamp:4)
  A frost giant (Vaults:2)
  A draconian stormcaller (Zot:5)
  A green draconian (Zot:5)
  A sun demon (Zot:5)
  2 deep trolls
  A moth of wrath (Zot:3)
  A naga mage (Snake:3)
  A bloated husk (Swamp:1)
  2 saltlings (Desolation)
  2 humans
  An orc priest (Orc:2)
  12 foxfires
  7 tentacles (Hell)
36 creatures vanquished.

Grand Total: 2105 creatures vanquished

Notes
Turn   | Place    | Note
-------+----------+-------------------------------------------
     0 | D:1      | yatagan the Minotaur Berserker began the quest for the Orb.
     0 | D:1      | Reached XP level 1. HP: 19/19 MP: 0/0
   197 | D:1      | Reached XP level 2. HP: 26/27 MP: 1/1
   350 | D:1      | Reached XP level 3. HP: 33/33 MP: 2/2
   431 | D:1      | Reached ** piety under Trog
   526 | D:1      | Found Maido's Armour Emporium.
   934 | D:2      | Noticed Terence
   946 | D:2      | Killed Terence
   947 | D:2      | Reached XP level 4. HP: 41/41 MP: 3/3
  1241 | D:3      | Found Iriyt's Assorted Antiques.
  1253 | D:3      | Found an ornate altar of the Wu Jian Council.
  1361 | D:3      | Found Bupson's Assorted Antiques.
  1366 | D:3      | Bought a pair of boots for 112 gold pieces
  1446 | D:3      | Found Myggir's Antique Armour Shop.
  1465 | D:4      | Reached *** piety under Trog
  1496 | D:3      | Found Nora's Assorted Antiques.
  1535 | D:3      | Reached XP level 5. HP: 47/47 MP: 4/4
  1537 | D:3      | Found Bustrui's Weapon Emporium.
  1652 | D:4      | Noticed a phantom
  1662 | D:4      | Killed a phantom
  1663 | D:4      | Reached skill level 5 in Fighting
  1663 | D:4      | Reached skill level 5 in Axes
  1679 | D:4      | Found a snail-covered altar of Cheibriados.
  1749 | D:5      | Entered Level 5 of the Dungeon
  1929 | D:5      | Reached XP level 6. HP: 56/56 MP: 5/5
  2058 | D:5      | Found Buunk's Antique Armour Emporium.
  2101 | D:5      | Reached skill level 5 in Armour
  2101 | D:5      | Reached XP level 7. HP: 45/62 MP: 6/6
  2118 | D:5      | Reached **** piety under Trog
  2155 | D:5      | Identified a scroll of acquirement
  2155 | D:5      | Acquired a +1 hat
  2188 | D:5      | Found a hide-covered altar of Uskayaw.
  2349 | D:6      | Reached skill level 5 in Dodging
  2370 | D:6      | Found Mameh's Jewellery Emporium.
  2397 | D:6      | Found a staircase to the Ecumenical Temple.
  2486 | D:6      | Reached XP level 8. HP: 60/71 MP: 7/7
  2872 | D:5      | Found a sparkling altar of Nemelex Xobeh.
  3030 | D:3      | Bought a pair of embroidered gloves for 180 gold pieces
  3482 | D:7      | Identified the +2 robe of Indecent Exposure {^Contam rPois
                  | rN+}
  3695 | D:7      | Reached XP level 9. HP: 77/81 MP: 1/8
  4539 | D:8      | Reached ***** piety under Trog
  4704 | D:8      | Found a shadowy altar of Dithmenos.
  4885 | D:3      | Bought a pair of runed boots for 157 gold pieces
  5108 | D:8      | Reached XP level 10. HP: 91/91 MP: 6/9
  5571 | D:10     | Entered Level 10 of the Dungeon
  5768 | D:9      | Found a staircase to the Orcish Mines.
  5783 | D:9      | Reached skill level 10 in Axes
  5784 | D:9      | Received a gift from Trog
  5788 | D:9      | Reached skill level 10 in Fighting
  5845 | D:9      | Found a staircase to the Lair.
  5859 | D:9      | You fall into a shaft and drop 3 floors!
  5885 | D:12     | Noticed Gastronok
  5896 | D:12     | Killed Gastronok
  5897 | D:12     | Reached skill level 10 in Armour
  5934 | D:12     | Noticed a boulder beetle
  5945 | D:12     | Killed a boulder beetle
  6061 | D:12     | Noticed a brown ugly thing
  6068 | D:12     | Killed a brown ugly thing
  6069 | D:12     | Reached XP level 11. HP: 80/101 MP: 5/10
  6204 | D:11     | Noticed a boulder beetle
  6207 | D:11     | Killed a boulder beetle
  6221 | D:11     | Reached skill level 10 in Dodging
  6578 | D:11     | Noticed an orc knight
  6619 | D:11     | Killed an orc knight
  6636 | D:10     | Found a broken altar of Ashenzari.
  6709 | D:10     | Noticed a centaur warrior
  6713 | D:10     | Noticed a death knight
  6713 | D:10     | Killed a centaur warrior
  6716 | D:10     | Killed a death knight
  6939 | D:10     | Found a burning altar of Makhleb.
  7218 | D:10     | Found a white marble altar of Elyvilon.
  7268 | D:10     | Found a radiant altar of Vehumet.
  7404 | D:11     | Received a gift from Trog
  7482 | D:11     | Noticed a two-headed ogre
  7491 | D:11     | Killed a two-headed ogre
  7559 | D:12     | Noticed a deep elf pyromancer
  7576 | D:12     | Killed a deep elf pyromancer
  7577 | D:12     | Reached XP level 12. HP: 91/113 MP: 9/11
  8036 | D:12     | Noticed a two-headed ogre
  8044 | D:12     | Killed a two-headed ogre
  8179 | D:12     | Noticed a boulder beetle
  8184 | D:12     | Killed a boulder beetle
  8475 | Lair:1   | Entered Level 1 of the Lair of Beasts
  8920 | Lair:3   | Noticed a boulder beetle
  8930 | Lair:3   | Killed a boulder beetle
  8940 | Lair:3   | Noticed Urug
  8998 | Lair:5   | Entered Level 5 of the Lair of Beasts
  9002 | Lair:5   | Noticed a death yak
  9002 | Lair:5   | Noticed a death yak
  9002 | Lair:5   | Noticed a death yak
  9003 | Lair:5   | Noticed a death yak
  9003 | Lair:5   | Noticed a death yak
  9004 | Lair:5   | Noticed a death yak
  9007 | Lair:5   | Killed a death yak
  9008 | Lair:5   | Reached XP level 13. HP: 103/123 MP: 0/12
  9158 | Lair:3   | Killed Urug
  9244 | Lair:5   | Noticed Kirke
  9255 | Lair:5   | Killed Kirke
  9287 | Lair:5   | Received a gift from Trog
  9369 | Lair:5   | Found a burning altar of Makhleb.
  9404 | Lair:5   | Found a gateway to Hell.
  9410 | Lair:5   | Got an earthy gem with 2713 turns to spare
  9541 | Lair:5   | Found a staircase to the Slime Pits.
  9592 | Lair:5   | Reached skill level 15 in Axes
  9595 | Lair:5   | Reached skill level 15 in Fighting
  9735 | Lair:5   | Reached XP level 14. HP: 135/135 MP: 8/13
  9756 | Lair:5   | Reached skill level 15 in Armour
  9828 | Lair:5   | Found the +16 obsidian axe {drain, demonic, Mesm ^Drain Fly
                  | SInv}
 10613 | Lair:3   | Found a staircase to the Snake Pit.
 10767 | Lair:3   | Found a staircase to the Swamp.
 11298 | Lair:2   | Noticed Amaemon
 11304 | Lair:2   | Killed Amaemon
 12214 | D:14     | Identified the +1 scale mail of Submission {Harm Str+6}
 12222 | D:14     | Found Begytaasm's Antique Armour Shoppe.
 12240 | D:15     | Entered Level 15 of the Dungeon
 12248 | D:15     | Reached ****** piety under Trog
 12382 | D:13     | Identified the +11 broad axe "Ytsetuts" {vamp, Stlth+}
 12939 | D:13     | Found a gate to the Vaults.
 13152 | D:14     | Reached skill level 1 in Shields
 13579 | D:15     | Reached XP level 15. HP: 145/145 MP: 12/14
 13691 | D:14     | Found Maxourch's Weapon Boutique.
 13696 | D:14     | Found Wauryeg's Jewellery Emporium.
 13704 | D:14     | Bought the ring of the Centipede {rF++ Will+ Int+3 Stlth-}
                  | for 816 gold pieces
 13716 | D:14     | Found Sammi's Distillery.
 13726 | D:14     | Bought a potion of heal wounds for 65 gold pieces
 13784 | D:14     | Received a gift from Trog
 13992 | D:14     | Reached skill level 15 in Dodging
 14231 | D:15     | Found a staircase to the Depths.
 14649 | Orc:1    | Entered Level 1 of the Orcish Mines
 14960 | Orc:2    | Entered Level 2 of the Orcish Mines
 14971 | Orc:2    | Identified the +0 chain mail "Giffuon" {rElec Int+3}
 15040 | Orc:2    | Reached skill level 5 in Shields
 15447 | Orc:2    | Received a gift from Trog
 15525 | Orc:2    | Noticed Donald
 15536 | Orc:2    | Killed Donald
 15628 | Orc:2    | Found a staircase to the Elven Halls.
 16038 | Orc:2    | Found Puofaymp's Armour Shoppe.
 16041 | Orc:2    | Found Geir's Book Emporium.
 16042 | Orc:2    | Found Ularodew's Book Shoppe.
 16043 | Orc:2    | Found Kilijup's Book Shoppe.
 16420 | Swamp:1  | Entered Level 1 of the Swamp
 16514 | Swamp:1  | Received a gift from Trog
 16550 | Swamp:1  | Noticed Nikola
 16578 | Swamp:1  | Killed Nikola
 17384 | Swamp:2  | Reached XP level 16. HP: 155/155 MP: 10/15
 17865 | Swamp:2  | Received a gift from Trog
 18094 | Swamp:2  | Noticed Frances
 18105 | Swamp:2  | Killed Frances
 19002 | Swamp:3  | HP: 3/155 [six-headed hydra (8)]
 19029 | Swamp:3  | Reached skill level 10 in Shields
 19405 | Swamp:3  | Received a gift from Trog
 19699 | Swamp:4  | Entered Level 4 of the Swamp
 19719 | Swamp:4  | Noticed a thorn hunter
 19733 | Swamp:4  | Killed a thorn hunter
 19771 | Swamp:4  | Identified the +4 chain mail of Dawn {rN+ Str+3 Dex-2}
 20469 | Swamp:4  | Noticed a thorn hunter
 20470 | Swamp:4  | Noticed a thorn hunter
 20472 | Swamp:4  | Noticed a thorn hunter
 20491 | Swamp:3  | Killed a thorn hunter
 20576 | Swamp:4  | Killed a thorn hunter
 20622 | Swamp:4  | Found a basalt altar of Yredelemnul.
 20632 | Swamp:4  | Identified the +10 plate armour of Maltheism {Slay+2}
 20652 | Swamp:4  | Got a decaying rune of Zot
 20686 | Swamp:4  | Killed a thorn hunter
 20707 | Swamp:4  | Found a blossoming altar of Fedhas.
 20707 | Swamp:4  | Noticed a thorn hunter
 20722 | Swamp:4  | Reached XP level 17. HP: 164/165 MP: 10/16
 20765 | Swamp:4  | Received a gift from Trog
 21206 | Snake:1  | Entered Level 1 of the Snake Pit
 22156 | Snake:2  | Found Yceatol's General Store.
 22158 | Snake:2  | Found Tehies's Armour Shoppe.
 22161 | Snake:2  | Found Coit's General Store.
 22164 | Snake:2  | Bought a potion of heal wounds for 80 gold pieces
 22247 | Snake:2  | Found a runed translucent gate.
 22247 | Snake:2  | Found a runed translucent gate.
 22247 | Snake:2  | Found a runed translucent gate.
 22247 | Snake:2  | Noticed Puohiom's ghost (adept KoEn)
 22247 | Snake:2  | Noticed Caage's ghost (journeyman DsNe)
 22248 | Snake:2  | Noticed Syneil's ghost (adept CoHu)
 22248 | Snake:2  | Noticed whodunnit's ghost (journeyman MDHu)
 22281 | Snake:2  | Noticed Louise
 22295 | Snake:2  | Killed Louise
 22295 | Snake:2  | Received a gift from Trog
 22686 | Snake:2  | You fall into a shaft and drop 1 floor!
 22699 | Snake:3  | HP: 6/166 [shock serpent/bolt of electricity (19)]
 24350 | Snake:3  | Identified the +8 chain mail of Hopscotch {rN+ MP-9 Dex+5}
 25018 | Snake:4  | Entered Level 4 of the Snake Pit
 25137 | Snake:4  | Found Jikk's Book Emporium.
 25138 | Snake:4  | Found Daeskiod's Jewellery Boutique.
 25138 | Snake:4  | Found Uzxyr's Jewellery Boutique.
 25164 | Snake:4  | Bought the amulet of Velus {Reflect rPois rN++ Int-5 SH+5}
                  | for 535 gold pieces
 25378 | Snake:4  | Received a gift from Trog
 25656 | Snake:4  | Reached XP level 18. HP: 176/176 MP: 2/17
 26148 | Snake:4  | Got a serpentine rune of Zot
 26679 | Vaults:1 | Entered Level 1 of the Vaults
 26709 | Vaults:1 | Found Muit's Distillery.
 26718 | Vaults:1 | Bought a potion of heal wounds for 90 gold pieces
 26742 | Vaults:1 | Received a gift from Trog
 26755 | Vaults:1 | Found a crumbling gateway.
 26762 | Desolati | Entered the Desolation of Salt
 27387 | Desolati | Identified the ring "Dirhytet" {rPois rC+ rN++ Will+ Str-5}
 27393 | Desolati | Identified the +5 scale mail of Temperance {Str-4 Int+4}
 27412 | Desolati | Identified the +0 chain mail "Luvepyir" {rElec Int+4}
 27421 | Desolati | Identified the +1 pair of gloves of the Guilds {rPois
                  | Str+5}
 27580 | Desolati | Identified the +11 war axe of Spring {heavy, rF+ Str+2
                  | SInv} (Trog gifted it to you in the Desolation of Salt)
 27580 | Desolati | Received a gift from Trog
 27662 | Desolati | Identified the ring of Ciul {Ice rPois rCorr Str+3 Int-2}
 27764 | Desolati | Identified the ring "Uchu" {Wiz ^Drain rElec rPois rF++}
 28734 | Vaults:1 | Reached XP level 19. HP: 166/185 MP: 18/18
 28808 | Vaults:1 | Identified the +10 war axe of Jiz Ircha {flame, +Blink
                  | rElec rF+} (Trog gifted it to you on level 1 of the Vaults)
 28808 | Vaults:1 | Received a gift from Trog
 29055 | Vaults:2 | Found a runed translucent gate.
 29056 | Vaults:2 | Found a runed translucent gate.
 29056 | Vaults:2 | Found a runed translucent gate.
 29056 | Vaults:2 | Noticed Ugguttuj's ghost (veteran DrWn)
 29057 | Vaults:2 | Found the +8 Wrath of Trog {antimagic, *Rage Rampage}
 29061 | Vaults:2 | Found an iron altar of Okawaru.
 29103 | Vaults:2 | Killed Ugguttuj's ghost
 29356 | Vaults:2 | Reached skill level 15 in Shields
 29427 | Vaults:2 | Received a gift from Trog
 30091 | Vaults:2 | Found a staircase to the Crypt.
 30389 | Vaults:3 | Received a gift from Trog
 30581 | Vaults:3 | Reached XP level 20. HP: 198/198 MP: 19/19
 30876 | Vaults:3 | Received a gift from Trog
 31511 | Vaults:4 | Noticed Mennas
 31537 | Vaults:4 | Killed Mennas
 31619 | Vaults:4 | Noticed Bai Suzhen
 31639 | Vaults:4 | Killed Bai Suzhen
 31702 | Vaults:4 | Found a flickering gateway to a bazaar.
 31708 | Bazaar   | Entered a bazaar
 31728 | Bazaar   | Found Ecoot's Weapon Emporium.
 31728 | Bazaar   | Found Donae's Armour Shoppe.
 31749 | Bazaar   | Found Archobomn's Assorted Antiques.
 31749 | Bazaar   | Found Ryt Ecro's Assorted Antiques.
 31760 | Bazaar   | Bought a scroll of teleportation for 48 gold pieces
 31760 | Bazaar   | Bought a scroll of teleportation for 48 gold pieces
 31784 | Bazaar   | Found Yhei's General Store.
 31784 | Bazaar   | Found Unoyr's Antique Weapon Shoppe.
 31891 | Vaults:4 | Identified the +2 arbalest of Stickiness {speed, rC+ Dex+3}
 31980 | Vaults:4 | Identified the +2 ring mail of Daffodils {SInv}
 32451 | Vaults:4 | Received a gift from Trog
 32702 | Vaults:5 | Entered Level 5 of the Vaults
 32718 | Vaults:5 | Noticed a golden dragon
 32726 | Vaults:5 | Noticed an ancient lich
 32741 | Vaults:5 | Killed a golden dragon
 32746 | Vaults:5 | Killed an ancient lich
 32752 | Vaults:5 | Reached XP level 21. HP: 77/206 MP: 20/20
 32925 | Vaults:5 | Received a gift from Trog
 32931 | Vaults:5 | Noticed a golden dragon
 32972 | Vaults:4 | Killed a golden dragon
 33099 | Vaults:5 | Received a gift from Trog
 33417 | Vaults:5 | Noticed a golden dragon
 33433 | Vaults:5 | Killed a golden dragon
 33455 | Vaults:5 | Got a silver rune of Zot
 33667 | Vaults:5 | Received a gift from Trog
 34074 | Vaults:5 | Identified the +2 dire flail "Deleh" {freeze, ^Contam Will+
                  | Int+3}
 34353 | Vaults:5 | Found Weussenn's General Store.
 34389 | Vaults:5 | Bought a scroll of acquirement for 728 gold pieces
 34707 | Depths:1 | Entered Level 1 of the Depths
 34715 | Depths:1 | Found the +0 cloak of the Thief {Quiet Slay-3 SInv Stlth+}
 34898 | Depths:1 | Noticed the Enchantress
 34904 | Depths:1 | Reached XP level 22. HP: 199/217 MP: 21/21
 34916 | Depths:1 | Killed the Enchantress
 35109 | Depths:1 | Received a gift from Trog
 35328 | Depths:1 | Noticed a juggernaut
 35329 | Depths:1 | Found a runed translucent door.
 35890 | Depths:1 | Killed a juggernaut
 36125 | Depths:2 | Received a gift from Trog
 36233 | Depths:2 | Found a one-way gateway to a ziggurat.
 36555 | Hell     | Entered the Vestibule of Hell
 36561 | Hell     | Noticed Geryon
 36575 | Hell     | Noticed Murray
 36606 | Depths:2 | Killed Murray
 37746 | Hell     | Received a gift from Trog
 37873 | Hell     | Killed Geryon
 37957 | Hell     | Found a gateway to the freezing wastes of Cocytus.
 38023 | Hell     | Found a gateway to the decaying netherworld of Tartarus.
 38043 | Hell     | Reached XP level 23. HP: 227/227 MP: 22/22
 38120 | Hell     | Found a gateway to the ashen valley of Gehenna.
 38203 | Hell     | Found a gateway to the Iron City of Dis.
 38366 | Depths:2 | Received a gift from Trog
 38550 | Depths:3 | Found a one-way gate leading to the halls of Pandemonium.
 38819 | Depths:3 | Found a one-way gate to the infinite horrors of the Abyss.
 39161 | Depths:3 | Noticed a caustic shrike
 39161 | Depths:3 | Noticed a caustic shrike
 39161 | Depths:3 | Noticed a caustic shrike
 39161 | Depths:3 | Noticed a caustic shrike
 39161 | Depths:3 | Noticed a caustic shrike
 39173 | Depths:3 | Killed a caustic shrike
 39174 | Depths:3 | Killed a caustic shrike
 39177 | Depths:3 | Killed a caustic shrike
 39179 | Depths:3 | Killed a caustic shrike
 39181 | Depths:3 | Killed a caustic shrike
 39204 | Depths:3 | Noticed a caustic shrike
 39205 | Depths:3 | Noticed a caustic shrike
 39211 | Depths:3 | Noticed a caustic shrike
 39216 | Depths:3 | Noticed a caustic shrike
 39218 | Depths:3 | Killed a caustic shrike
 39226 | Depths:3 | Killed a caustic shrike
 39237 | Depths:3 | Killed a caustic shrike
 39238 | Depths:3 | Killed a caustic shrike
 39238 | Depths:3 | Received a gift from Trog
 39275 | Depths:3 | Noticed a caustic shrike
 39787 | Depths:3 | Killed a caustic shrike
 39874 | Depths:4 | Entered Level 4 of the Depths
 40103 | Depths:4 | Found a gate to the Realm of Zot.
 40112 | Depths:4 | Received a gift from Trog
 40176 | Depths:4 | Reached XP level 24. HP: 209/239 MP: 22/22
 40742 | Zot:1    | Entered Level 1 of the Realm of Zot
 40780 | Zot:1    | Received a gift from Trog
 41338 | Zot:1    | You fall into a shaft and drop 1 floor!
 41511 | Zot:2    | Noticed a Killer Klown
 41522 | Zot:2    | Killed a Killer Klown
 41576 | Zot:2    | Identified the ring "Nuitel" {Ice rPois Dex-5 Slay+3}
 41576 | Zot:2    | Noticed Josephina
 41597 | Zot:2    | Killed Josephina
 41597 | Zot:2    | Received a gift from Trog
 42676 | Zot:3    | Received a gift from Trog
 42709 | Zot:3    | Reached XP level 25. HP: 250/250 MP: 22/22
 43840 | Zot:4    | Noticed an orb of fire
 43855 | Zot:4    | Gained mutation: Your spells are a little harder to cast,
                  | but a little more powerful. [an orb of fire]
 43856 | Zot:4    | Gained mutation: You sometimes lose your temper in combat.
                  | [an orb of fire]
 43860 | Zot:4    | Killed an orb of fire
 43862 | Zot:4    | HP: 11/376 [quicksilver dragon (14)]
 43864 | Zot:4    | Received a gift from Trog
 44138 | Zot:3    | Lost mutation: Your spells are a little harder to cast, but
                  | a little more powerful. [potion of mutation]
 44138 | Zot:3    | Lost mutation: You sometimes lose your temper in combat.
                  | [potion of mutation]
 44138 | Zot:3    | Gained mutation: Your muscles are strong. (Str +4, Int/Dex
                  | -1) [potion of mutation]
 44235 | Zot:5    | Entered Level 5 of the Realm of Zot
 44895 | Zot:5    | Noticed a Killer Klown
 44902 | Zot:5    | Killed a Killer Klown
 44970 | Zot:5    | Noticed an orb of fire
 44983 | Zot:5    | Killed an orb of fire
 45034 | Zot:5    | Noticed an ancient lich
 45035 | Zot:5    | Noticed an ancient lich
 45042 | Zot:5    | Killed an ancient lich
 45042 | Zot:5    | Received a gift from Trog
 45042 | Zot:5    | Noticed an ancient lich
 45048 | Zot:5    | Noticed an ancient lich
 45050 | Zot:5    | Noticed a dread lich
 45052 | Zot:5    | Killed an ancient lich
 45056 | Zot:5    | Killed an ancient lich
 45066 | Zot:5    | Killed an ancient lich
 45269 | Zot:5    | Noticed an orb of fire
 45269 | Zot:5    | Gained mutation: You are occasionally teleported next to
                  | monsters. [an orb of fire]
 45270 | Zot:5    | Gained mutation: You occasionally lose the ability to drink
                  | potions when taking damage. [an orb of fire]
 45279 | Zot:5    | Gained mutation: You sometimes lose the ability to drink
                  | potions when taking damage. [an orb of fire]
 45283 | Zot:5    | Gained mutation: Potions are less effective at restoring
                  | your health. [an orb of fire]
 45291 | Zot:5    | Gained mutation: Your spells are a little easier to cast,
                  | but a little less powerful. [an orb of fire]
 45293 | Zot:5    | Killed an orb of fire
 45293 | Zot:5    | Noticed an ancient lich
 45300 | Zot:5    | Killed an ancient lich
 45306 | Zot:5    | Lost mutation: You sometimes lose the ability to drink
                  | potions when taking damage. [potion of mutation]
 45306 | Zot:5    | Lost mutation: Your muscles are strong. (Str +4, Int/Dex
                  | -1) [potion of mutation]
 45306 | Zot:5    | Lost mutation: Potions are less effective at restoring your
                  | health. [potion of mutation]
 45306 | Zot:5    | Gained mutation: You occasionally shout uncontrollably at
                  | your foes. [potion of mutation]
 45307 | Zot:5    | Lost mutation: You are occasionally teleported next to
                  | monsters. [potion of mutation]
 45307 | Zot:5    | Lost mutation: You occasionally shout uncontrollably at
                  | your foes. [potion of mutation]
 45307 | Zot:5    | Lost mutation: You occasionally lose the ability to drink
                  | potions when taking damage. [potion of mutation]
 45307 | Zot:5    | Gained mutation: Your magical capacity is low. (-10% MP)
                  | [potion of mutation]
 45307 | Zot:5    | Lost mutation: Your magical capacity is low. (-10% MP)
                  | [potion of mutation]
 45307 | Zot:5    | Gained mutation: You are robust. (+10% HP) [potion of
                  | mutation]
 45424 | Zot:5    | Killed a dread lich
 45499 | Zot:5    | Noticed an ancient lich
 45503 | Zot:5    | Killed an ancient lich
 45504 | Zot:5    | Reached XP level 26. HP: 288/288 MP: 22/22
 45530 | Zot:5    | Noticed an ancient lich
 45537 | Zot:5    | Killed an ancient lich
 45581 | Zot:5    | Gained mutation: You occasionally lose the ability to read
                  | scrolls when taking damage. [mutagenic glow]
 45599 | Zot:5    | Gained mutation: You occasionally shout uncontrollably at
                  | your foes. [mutagenic glow]
 45600 | Zot:5    | Noticed an orb of fire
 45611 | Zot:5    | Gained mutation: Your spells are easier to cast, but less
                  | powerful. [mutagenic glow]
 45613 | Zot:5    | HP: 14/290 [white draconian stormcaller/divine providence
                  | (12)]
 45992 | Zot:5    | Lost mutation: You occasionally shout uncontrollably at
                  | your foes. [potion of mutation]
 45992 | Zot:5    | Lost mutation: You occasionally lose the ability to read
                  | scrolls when taking damage. [potion of mutation]
 45992 | Zot:5    | Gained mutation: You have supernaturally acute eyesight.
                  | (SInv) [potion of mutation]
 46078 | Zot:5    | Noticed an orb of fire
 46080 | Zot:5    | Lost mutation: You are robust. (+10% HP) [an orb of fire]
 46088 | Zot:5    | Killed an orb of fire
 46117 | Zot:5    | Got the Orb of Zot
 46656 | D:1      | Received a gift from Trog
 46981 | D:$      | Escaped with the Orb!

Illustrated notes

Levels and vault maps discovered:
D:1:      heliophobic_arrival_ceremonial_halls, layout_basic, serial_shops, shop
D:2:      minmay_skewed_foursquare, layout_loops_ring, uniq_terence
D:3:      layout_rooms, mainiacjoe_overflow_boulevard, serial_shops, shop,
          nicolae_diamond_shop, shop, nicolae_shop_real_fake_doors,
          nicolae_shop_window_shopping, minmay_misc_feat_tiny
D:4:      layout_rooms, mainiacjoe_overflow_brackets, minmay_misc_feat_five
D:5:      layout_loops_ring, mainiacjoe_overflow_24_doors,
          nicolae_ru_path_of_blood, kennysheep_mini_moat, serial_shops, shop,
          wad_floor_pattern_1
D:6:      minmay_octagon_keep, layout_rooms, minmay_temple_entry_glassed_door,
          nicolae_ossuary_entry_plus, serial_shops, nicolae_shop_rolling_square
D:7:      layout_basic, st_stairs_7
D:8:      lemuel_ice_spiral_2, layout_basic, overflow_temple_1_default
D:9:      layout_loops_ring, lair_entry_dummy, hiddenorc2_lemuel
D:10:     layout_roguey, kennysheep_little_box, mainiacjoe_overflow_alcove_1,
          lemuel_coloured_pillars_altar, general_overflow_altar, minmay_bent
D:11:     layout_irregular_city, corexii_corridor_pit
D:12:     layout_cave_pods, uniq_gastronok
D:13:     layout_basic, ximxim_vaults_locker_room, st_stairs_8, kennysheep_donut
D:14:     layout_loops_ring, columned_hall_lemuel, serial_shops,
          nicolae_shop_crystal, nicolae_shop_bloodbath_and_beyond, shop,
          nicolae_shop_stone
D:15:     gammafunk_depths_entry_grave, layout_basic
Lair:1:   layout_cave_pods, serial_bayou, serial_bayou_crossing,
          serial_bayou_shore_a, serial_bayou_lake_a, serial_bayou_shore_b,
          serial_bayou_pond_d, serial_bayou_ford_a
Lair:2:   layout_cave_pods, eino_small_chamber_without_monster, uniq_amaemon
Lair:3:   layout_cave_shapes, palyth_hydra_swamp_entry,
          alex1729_snake_entry_snake, grunt_megastairs_4,
          infiniplex_staircase_pool, lemuel_fruit_fields, uniq_urug
Lair:4:   layout_regular_city
Lair:5:   evil_forest, layout_regular_city, dpeg_slime_entry_corner,
          st_stairs_5, minivault_26, dreamdust_deal_with_the_devil,
          small_statue_intersection, chequers_serial_rivers_large_b, uniq_kirke
Swamp:1:  layout_basic_swamp, evilmike_swamp_ruin_rubble_1,
          nicolae_swamp_trees_clearing, uniq_nikola
Swamp:2:  layout_basic_swamp, nicolae_swamp_dense_foliage, swamp_pool_1_2,
          grunt_witch_cave, uniq_frances
Swamp:3:  layout_basic_swamp, evilmike_swamp_ruin_rubble_2
Swamp:4:  byrel_swamp_growth_death_and_undeath, layout_basic_swamp
Snake:1:  layout_rooms
Snake:2:  layout_grid_maze, gammafunk_ghost_cemetery, minmay_shop_star,
          uniq_louise
Snake:3:  layout_chambers, nicolae_triple_integral
Snake:4:  snake_pit_salamanders_mu, layout_misc_corridors, grunt_ministairs_8,
          minmay_shop_grove
Orc:1:    layout_diamond_mine
Orc:2:    st_orc_pillars, layout_caves, elf_legates, uniq_donald
Vaults:1: portal_desolation_entry_nicolae_slug, nicolae_vaults_big_angled_halls,
          vaults_room_door_hall, nicolae_vaults_lightning_bolt,
          vaults_room_grid, nicolae_vaults_spaceships, nicolae_vaults_big_ls,
          v_alt_pattern_6, nicolae_vaults_surprise_closet,
          ontoclasm_vaults_gallery, nicolae_vaults_tetromino_T_1,
          ontoclasm_vaults_decontamination, v_alt_pattern_4,
          nicolae_vaults_windows_and_doors_thing, layout_vaults_omnibox,
          serial_shops, nicolae_shop_tiny_statue_garden
Vaults:2: gammafunk_ghost_fury_of_okawaru, vaults_room_pools,
          ontoclasm_vaults_tryst, hangedman_vaults_corner, v_rooms_3,
          nicolae_vaults_quadrants, hangedman_vaults_stream,
          nicolae_vaults_closet_pinwheel_6, nicolae_vaults_storage_closets_1,
          grunt_vaults_twisty, vaults_room_pool, nicolae_vaults_theta,
          minmay_crypt_entry_simple_statues, ontoclasm_vaults_ring_square,
          layout_vaults_maze
Vaults:3: v_misc_2, v_misc_9, nicolae_vaults_oval_intersection,
          ontoclasm_vaults_pinch, v_misc_29, vaults_room_glass_cross,
          hangedman_vaults_slice, nicolae_vaults_trapezoid_1,
          nicolae_vaults_two_Ls, vaults_dpeg_hooks, layout_vaults_chaotic_city
Vaults:4: nicolae_vaults_shelves_hall, dpeg_vaults_monster_row,
          nicolae_vaults_cornered_office, hangedman_vaults_cutoff,
          serial_library_hellmonk_open_square, nicolae_vaults_network_s,
          nicolae_vaults_yaktaur_gun_rack, nicolae_vaults_tetromino_L_2,
          vaults_room_octagon, nicolae_vaults_more_shelving_1,
          layout_vaults_ring, serial_shops, bzr_entry_safe, uniq_bai_suzhen,
          uniq_mennas
Vaults:5
Depths:1: layout_gridville, chequers_serial_rivers_room_a, hellmouth_3,
          nicolae_water_bricks, kennysheep_treasure_room, uniq_enchantress
Depths:2: dreamdust_experimentation, layout_cave_shapes, enter_ziggurat_c,
          amcnicky_mini_pool_small, grunt_pan_entry_in_and_out, hell_entry,
          nicolae_figureground_sparkle, serial_bayou_shore_b,
          infiniplex_staircase_trident
Depths:3: grunt_runaround [grunt_runaround_loot, grunt_runaround_doors_1,
          grunt_runaround_doors_2, grunt_runaround_doors_3,
          grunt_runaround_doors_4], abyss_entry, pan_entry, hell_entry
Depths:4: grunt_x_marks_the_spot, layout_gridville, hell_entry,
          chequers_serial_rivers_micro_a, serial_bayou_shore_b
Hell
Zot:1:    layout_misc_corridors
Zot:2:    layout_cathedral_of_symmetry, uniq_josephina
Zot:3:    cheibrodos_zot_enchanting_chambers, layout_onion
Zot:4:    layout_onion_interference
Zot:5:    layout_gridville

Skill      XL: |  1  2  3  4  5  6  7  8  9 10 11 12 13 14 15 16 17 18 19 20 21 22 23 24 25 26 |
---------------+-------------------------------------------------------------------------------+-----
Fighting       | 4 5 6 7 9 10 12 13 15 16 17 18 19 20 21 22 23 24 25 26 | 26.6
Axes           | 4 5 6 8 9 10 12 13 15 16 17 18 19 20 21 22 23 24 25 26 | 26.6
Armour         | 3 4 5 6 7 8 10 12 13 14 16 17 18 19 20 21 22 23 24 25 26 | 26.4
Dodging        | 3 4 5 6 8 9 11 12 13 14 15 16 17 18 19 20 21 22 23 24 | 24.5
Shields        | 1 8 11 12 14 15 17 18 19 20 21 22 23 | 23.2

Action                     |  1- 3 |  4- 6 |  7- 9 | 10-12 | 13-15 | 16-18 | 19-21 | 22-24 | 25-27 || total
---------------------------+-------+-------+-------+-------+-------+-------+-------+-------+-------++-------
  Melee: Hand axe          |    81 |       |       |       |       |       |       |       |       ||    81
         Headbutt          |    17 |    20 |    34 |    47 |   136 |   267 |   311 |   409 |   172 ||  1413
         War axe           |     3 |    98 |    57 |       |       |       |       |       |       ||   158
         Battleaxe         |       |       |    91 |   287 |   111 |       |       |       |       ||   489
         Eveningstar       |       |       |       |       |     4 |       |       |       |       ||     4
         Broad axe         |       |       |       |       |   547 |  1083 |  1100 |  1423 |   553 ||  4706
  Throw: Dart              |       |       |     5 |     3 |       |       |       |       |       ||     8
         Throwing net      |       |       |     1 |       |       |       |       |       |       ||     1
 Invoke: Berserk           |       |       |     2 |     1 |     1 |       |     1 |     2 |     4 ||    11
         Trog's Hand       |       |       |     1 |       |     4 |     4 |     6 |     6 |    11 ||    32
         Brothers in Arms  |       |       |       |       |     1 |       |     2 |       |       ||     3
  Evoke: Wand              |       |       |       |     5 |       |     3 |       |    14 |     1 ||    23
    Use: Scroll            |     6 |     2 |     5 |     7 |    11 |     4 |    11 |     2 |     8 ||    56
         Potion            |       |       |       |       |       |     4 |       |       |    17 ||    21
   Stab: Distracted        |       |       |       |       |     1 |       |     1 |       |       ||     2
         Confused          |       |       |       |       |       |       |     3 |       |       ||     3
 Armour: Animal skin       |    15 |       |       |       |       |       |       |       |       ||    15
         Leather armour    |    38 |       |       |       |       |       |       |       |       ||    38
         Scale mail        |       |    66 |    81 |       |       |       |       |       |       ||   147
         Plate armour      |       |       |    90 |   429 |   697 |  1454 |   738 |  1021 |   432 ||  4861
  Dodge: Dodged            |    49 |    54 |   112 |   240 |   359 |   548 |   381 |   512 |   168 ||  2423
  Block: Kite shield       |       |       |       |       |   195 |   793 |   486 |       |       ||  1474
         Reflection        |       |       |       |       |       |    22 |    74 |    23 |    14 ||   133
         Tower shield      |       |       |       |       |       |       |   729 |  2453 |   814 ||  3996

Table legend: (Time is in decaauts)
 A = Elapsed time spent in this place.
 B = Non-inter-level travel time spent in this place.
 C = Inter-level travel time spent in this place.
 D = Time resting spent in this place.
 E = Time spent auto-exploring this place.
 F = Levels seen in this place.
 G = Mean time per level.
                   A        B        C        D        E       F      G
               +--------+--------+--------+--------+--------+-----+--------+
         Total |  46659 |  40447 |   6212 |   2484 |  19765 |  47 |  992.7 |
       Dungeon |  12154 |   9196 |   2958 |    500 |    241 |  15 |  810.3 |
          Lair |   3992 |   2462 |   1530 |     69 |     46 |   5 |  798.4 |
         Swamp |   4868 |   4658 |    210 |    468 |   3160 |   4 | 1217.0 |
     Snake Pit |   5133 |   4867 |    266 |     67 |   4130 |   4 | 1283.2 |
  Orcish Mines |   1621 |   1361 |    260 |      0 |   1031 |   2 |  810.5 |
        Vaults |   6357 |   5934 |    423 |    166 |   3559 |   5 | 1271.4 |
        Depths |   5362 |   5154 |    208 |    940 |   3137 |   4 | 1340.5 |
          Hell |    563 |    462 |    101 |      0 |     36 |   1 |  563.0 |
           Zot |   5323 |   5070 |    253 |    273 |   3466 |   5 | 1064.6 |
        Bazaar |    105 |    105 |      0 |      0 |     99 |   1 |  105.0 |
    Desolation |   1177 |   1177 |      0 |      0 |    858 |   1 | 1177.0 |
               +--------+--------+--------+--------+--------+-----+--------+

Top non-repeatable levels by time:
Depths:2: 1954 daAuts
 Snake:3: 1715 daAuts
   Zot:5: 1637 daAuts
   Zot:3: 1508 daAuts
Vaults:5: 1481 daAuts
 Swamp:2: 1452 daAuts
 Swamp:3: 1359 daAuts
Depths:3: 1350 daAuts
 Snake:2: 1320 daAuts
Vaults:2: 1316 daAuts
 Snake:4: 1315 daAuts
   Orc:2: 1307 daAuts
Vaults:4: 1253 daAuts
Depths:1: 1187 daAuts
Desolation: 1177 daAuts
